 Dungeon Crawl Stone Soup version 0.25-a0-1024-gbfbf38f2cb (webtiles) character file.

Game seed: 16249379067699608423, levelgen mode: deterministic

30 Flugslaktarn the Skirmisher (level 3, -2/34 HPs)
             Began as a Naga Fighter on May 12, 2020.
             Slain by a worm (10 damage)
             ... on level 2 of the Dungeon.
             The game lasted 00:00:40 (1262 turns).

Flugslaktarn the Skirmisher (Naga Fighter)          Turns: 1262, Time: 00:00:40

Health: -2/34      AC:  5    Str: 19    XL:     3   Next: 18%
Magic:  3/3        EV:  5    Int:  8    God:
Gold:   59         SH:  8    Dex: 10    Spells: 2/2 levels left

rFire    . . .     SeeInvis +   a - +0 war axe
rCold    . . .     Gourm    .   c - +0 kite shield
rNeg     . . .     Faith    .   b - +0 scale mail
rPois    +         Spirit   .   (no helmet)
rElec    .         Reflect  .   h - +0 cloak
rCorr    .         Harm     .   (no gloves)
MR       .....                  (no barding)
Stlth    ..........             (no amulet)
HPRegen  0.11/turn              (no ring)
MPRegen  0.08/turn              (no ring)

@: mighty, very slow
A: large, see invisible, deformed body, poison resistance, slowness 2, slow
metabolism 1, spit poison 1, AC +1
a: Spit Poison


You were on level 2 of the Dungeon.
You were hungry.

You visited 1 branch of the dungeon, and saw 2 of its levels.

You collected 59 gold pieces.

Inventory:

Hand Weapons
 a - a +0 war axe (weapon)
Armour
 b - a +0 scale mail (worn)
 c - a +0 kite shield (worn)
 h - a +0 cloak (worn)
   (You found it on level 1 of the Dungeon)
Jewellery
 o - an uncursed ring of fire
   (You found it on level 2 of the Dungeon)
Scrolls
 i - a scroll of enchant armour {unknown}
 j - a scroll of identify {unknown}
 k - a scroll of fog {unknown}
 n - a scroll of teleportation {unknown}
Potions
 l - 2 potions of berserk rage {unknown}
 m - a potion of lignification {unknown}
 q - 2 potions of curing
Comestibles
 e - 3 rations
 g - 3 chunks of flesh


   Skills:
 + Level 3.2 Fighting
 * Level 2.7 Axes
 + Level 2.6 Armour
 + Level 2.7 Shields


You had 2 spell levels left.
You didn't know any spells.
Your spell library was empty.

Dungeon Overview and Level Annotations

Branches:
Dungeon (2/15)

Altars:


Innate Abilities, Weirdness & Mutations

You cannot wear boots.
Your serpentine skin is tough. (AC +1)
You have supernaturally acute eyesight. (SInv)
Armour fits poorly on your strangely shaped body.
Your system is resistant to poisons. (rPois)
You cover ground very slowly.
You have a slow metabolism.
You can spit poison.


Message History

The splash of poison hits the worm.
The worm is moderately wounded.
You are feeling hungry.
Unknown command.
You barely miss the worm.
The worm is moderately wounded.
You block the worm's attack.
You barely miss the worm.
The worm is moderately wounded.
The worm bites you!
* * * LOW HITPOINT WARNING * * *
You hit the worm.
The worm is moderately wounded.
The worm bites you but does no damage.
It was a potion of curing.
You feel better.
q - 2 potions of curing You feel very mighty all of a sudden.
You have got your breath back.
The worm bites you!
You die...

. #. ###.#### ......##
#.#...## #......#######
#............. #..w@..#
.....#..รท## ### #.###
#.# ##'## ## ##...##
#.. ##.....## #.##
#.......## #..##
#.........####...######


You could see a worm.

Vanquished Creatures
  An adder (D:2)
  2 dart slugs (D:1)
  2 giant cockroaches
  A goblin (D:1)
  3 hobgoblins (D:1)
  3 bats
  4 frilled lizards
  A kobold (D:1)
  2 rats
19 creatures vanquished.

Notes
Turn   | Place    | Note
-------+----------+-------------------------------------------
     0 | D:1      | Flugslaktarn the Naga Fighter began the quest for the Orb.
     0 | D:1      | Reached XP level 1. HP: 21/21 MP: 1/1
   497 | D:1      | Reached XP level 2. HP: 28/28 MP: 2/2
   992 | D:2      | Reached XP level 3. HP: 26/34 MP: 3/3
  1262 | D:2      | Slain by a worm

Illustrated notes

Levels and vault maps discovered:
D:1:      scummos_arrival_simple_crosswalls, layout_loops_ring
D:2:      layout_loops_corners

Action                   || total
-------------------------++-------
Melee: War axe           ||    66
 Abil: Spit Poison       ||     1
  Use: Potion            ||     2
Armor: Scale mail        ||    29
Dodge: Dodged            ||    15
Block: Kite shield       ||    39

Table legend:
 A = Non-vault XP
 B = Vault XP
 C = Vault XP percentage of total XP
 D = Non-vault monster count
 E = Vault monster count
 F = Vault count percentage of total count
                 A         B        C        D         E       F
            +---------+---------+-------+---------+---------+-------
      Total |      43 |       0 |   0.0 |      19 |       0 |   0.0
            +---------+---------+-------+---------+---------+-------
        D:1 |      23 |       0 |   0.0 |      12 |       0 |   0.0
        D:2 |      20 |       0 |   0.0 |       7 |       0 |   0.0
            +---------+---------+-------+---------+---------+-------
